 Dungeon Sprint DCSS version 0.31-a0-795-g5eb97db20b (webtiles) character file.

Game seed: 4473944876312216368

470925 rocky1 the Heavyweight Champion (level 20, -30/332 HPs)
             Began as a Troll Shapeshifter on Sept 15, 2023.
             Was an Initiate of Gozag.
             Annihilated by Cerebov
             ... wielding the +6 sword of Cerebov {flame}
              (42 damage)
             ... in the Dungeon (Sprint IX: "|||||||||||||||||||||||||||||") on Sept 18, 2023.
             The game lasted 00:43:25 (7456 turns).

rocky1 the Heavyweight Champion (TrSh)              Turns: 7456, Time: 00:43:26

Health: -30/332    AC: 40    Str: 34    XL:     20   Next: 38%
Magic:  37/37      EV: 20    Int:  9    God:    Gozag
Gold:   2561       SH:  4    Dex: 11    Spells: 57/57 levels left

rFire   . .          .
                       - Unarmed
rCold   + + .        (no shield)
rNeg    + . .        L - melded +12 gold dragon scales
rPois   ∞            (helmet restricted)
rElec   +            X - +0 cloak "Kyumibu" {Str+3 Int+3}
rCorr   .            (gloves unavailable)
SInv    .            (boots unavailable)
Will    ++...        F - amulet of regeneration
Stlth   +++++++      V - +4 ring of slaying
HPRegen 2.35/turn    E - ring "Zabyatatt" {rF+ rC++}
MPRegen 0.25/turn

%: no teleportation
@: statue-form, fire vulnerable, gold aura, very slow
A: slow and powerful, torment resistance 1, boosted hp, large, unfitting armour,
claws 3, regeneration 1, (shaggy fur 1), (tough skin 1), antennae 1, talons 1,
large bone plates 1, low MP 1, strong-willed 1
}: 9/17 runes: decaying, serpentine, barnacled, slimy, elven, silver, golden,
abyssal, gossamer
a: Begin Untransformation, Renounce Religion, Potion Petition, Call Merchant,
Bribe Branch


You were in the Dungeon.
You worshipped Gozag.
Gozag was most pleased with you.
You were a living statue of rough stone.
You visited 1 branch You collected 50331 gold pieces.
You spent 20001 gold pieces at shops.
You paid 27769 gold pieces to Gozag.

Inventory:

Missiles
 t - 4 javelins
 B - 12 curare-tipped darts
 O - 22 large rocks
Armour
 a - a +0 animal skin
 K - the +4 robe of Folly {Brill Will-∞ Int+8}
   (You found it in the Dungeon)

   Brill:     It increases the power of your magical spells and halves their MP
   cost (rounding up).
   Will-∞: It reduces your willpower to zero.
   Int+8:     It affects your intelligence (+8).
 L - +12 gold dragon scales (melded)
 X - the +0 cloak "Kyumibu" (worn) {Str+3 Int+3}
   (You found it in the Dungeon)

   Str+3:     It affects your strength (+3).
   Int+3:     It affects your intelligence (+3).
 Y - a +4 robe of resistance
Jewellery
 v - the ring "Jiuheqooc" {+Blink rElec rF- rN+ Will-}
   (You found it in the Dungeon)

   [ring of positive energy]

   rF-:       It makes you vulnerable to fire.
   rElec:     It insulates you from electricity.
   rN+:       It protects you from negative energy.
   Will-:     It decreases your willpower.
   +Blink:    It lets you blink.
 E - the ring "Zabyatatt" (right claw) {rF+ rC++}
   (You bought it in a shop in the Dungeon)

   [ring of protection from fire]

   rF+:       It protects you from fire.
   rC++:      It greatly protects you from cold.
 F - an amulet of regeneration (around neck)
 H - a ring of see invisible
 U - the ring "Lewievy" {Wiz rPois}
   (You found it in the Dungeon)

   [ring of wizardry]

   Wiz:       It improves your spell success rate.
   rPois:     It protects you from poison
 V - a +4 ring of slaying (left claw)
Talismans
 c - a beast talisman
 d - a flux talisman
 n - a talisman of death
 p - a storm talisman
 y - a maw talisman
 z - a blade talisman
 A - a granite talisman (active)
 P - a dragon-blood talisman
Wands
 m - a wand of quicksilver (5) (quivered)
 x - a wand of charming (11)
Scrolls
 j - 7 scrolls of blinking
 l - 5 scrolls of amnesia
 q - 4 scrolls of enchant armour
 s - 6 scrolls of enchant weapon
 w - 4 scrolls of poison
 C - 6 scrolls of fear
 D - 3 scrolls of summoning
 G - a scroll of silence
 I - 2 scrolls of immolation
 N - 8 scrolls of fog
Potions
 b - 3 potions of lignification
 e - 22 potions of curing
 f - 14 potions of heal wounds
 g - 13 potions of haste
 h - 10 potions of magic
 i - 2 potions of berserk rage
 k - 2 potions of invisibility
 o - 2 potions of brilliance
 r - a potion of attraction
 u - 2 potions of resistance
 M - 6 potions of mutation


   Skills:
 O Level 27 Fighting
 + Level 25.1 Armour
 O Level 27 Dodging
 + Level 19.2 Stealth
 O Level 27 Unarmed Combat
 + Level 19.1 Spellcasting
 O Level 27 Shapeshifting


You had 57 spell levels left.
You didn't know any spells.
Your spell library contained the following spells:

 Spells                   Type           Power      Damage    Failure   Level
 Summon Small Mammal      Summ           32%        N/A       6%          1
 Scorch                   Fire           16%        2d5       9%          2
 Call Canine Familiar     Summ           8%         N/A       17%         3
 Inner Flame              Hex/Fire       8%         N/A       17%         3
 Ozocubu's Armour         Ice            8%         N/A       17%         3
 Summon Guardian Golem    Hex/Summ       8%         N/A       17%         3
 Volatile Blastmotes      Fire/Tloc      16%        2d11      17%         3
 Animate Armour           Summ/Erth      16%        N/A       50%         4
 Flame Wave               Conj/Fire      8%         2d5       50%         4
 Fulminant Prism          Conj/Hex       4%         3d5       50%         4
 Iskenderun's Mystic Bla  Conj/Tloc      8%         2d4       50%         4
 Summon Ice Beast         Ice/Summ       8%         N/A       50%         4
 Summon Lightning Spire   Summ/Air       8%         N/A       50%         4
 Lee's Rapid Deconstruct  Erth           4%         3d5*      85%         5
 Summon Mana Viper        Hex/Summ       8%         N/A       85%         5
 Summon Cactus Giant      Summ           4%         N/A       100%        6
 Enfeeble                 Hex            4%         N/A       100%        7
 Monstrous Menagerie      Summ           4%         N/A       100%        7
 Ozocubu's Refrigeration  Ice            4%         4d8       100%        7
 Fire Storm               Conj/Fire      4%         8d1       100%        9


Dungeon Overview and Level Annotations

Branches:
Dungeon (1/1)

Altars:
Cheibriados
Dithmenos
Elyvilon
Fedhas
Gozag
Hepliaklqana
Kikubaaqudgha
Makhleb
Nemelex Xobeh
Okawaru
Qazlal
Ru
Sif Muna
Trog
Uskayaw
Vehumet
Wu Jian
Xom
Yredelemnul
Zin
The Shining One
Jiyva
Lugonu

Shops:
D ??=?*(??!=[!===

Annotations:
D Asmodeus, Cerebov, Dispater, Ereshkigal, Gloorx Vloq, Lom Lobon, Mnoleg


Innate Abilities, Weirdness & Mutations

You are a living statue of rough stone.
Your actions are slow, but your melee attacks are powerful.
You are resistant to unholy torment.
Your maximum health is greatly increased.
Your equipment is partially melded.
You are too large for most types of armour.
You are immune to poison.
You have claws for hands.
Your natural rate of healing is unusually fast.
((You are covered in fur. (AC +1)))
((You have tough skin. (AC +1)))
You have a pair of small antennae on your head.
You have sharp toenails.
You are partially covered in large bone plates. (SH +4)
Your magical capacity is low. (-10% MP)
You are strong-willed. (Will+)


Message History

The balrug hits you with a +0 demon whip!
You are engulfed in flames!!
Ereshkigal is engulfed in blazing flames.
Cerebov shouts, "Slither away, thou rough-hewn dizzy-eyed ratsbane!"
Cerebov closely misses you.
You eviscerate Cerebov!!!! You claw Cerebov, but do no damage.
Cerebov is severely wounded.
Asmodeus gestures.
The balrug hits you but does no damage.
Cerebov hits you with the +6 sword of Cerebov {flame}!!!
* * * LOW HITPOINT WARNING * * *
Cerebov burns you!
* * * LOW HITPOINT WARNING * * *
Ereshkigal is engulfed in blazing flames.
Mnoleg calls on the powers of chaos!
Ereshkigal suddenly seems more agile.
Asmodeus suddenly seems more resistant.
Lom Lobon suddenly seems more agile.
Cerebov suddenly seems more resistant.
The balrug seems to speed up.
You eviscerate Cerebov!!!! Your kick misses Cerebov. You claw Cerebov!!
Cerebov is almost dead.
Lom Lobon is no longer distracted by gold.
Cerebov completely misses you. The balrug hits you but does no damage.
Lom Lobon gestures.
Lom Lobon blinks!
Ereshkigal gestures.
Ereshkigal's surroundings become eerily quiet.
Asmodeus gestures.
Unknown command.
Unknown command.
You eviscerate the balrug!!!!
You kill the balrug!
The balrug disappears in a puff of smoke!
Cerebov gestures at you. The iron shot hits you!!!
* * * LOW HITPOINT WARNING * * *
Lom Lobon gestures.
Cerebov attacks as they pursues you!
Cerebov hits you with the +6 sword of Cerebov {flame}!!!
You die...
Your body crumbles into a pile of gold.

############### ######
############### ######
############### ######
############### ######
###############
▓▓▓▓▓▓**▓▓▓▓▓▓▓▓▓▓▓▓▓▓▓▓▓▓▓▓▓▓▓▓▓
..&..&,,&&&22&$&8'...............
▓▓▓▓▓▓▓▓▓▓▓▓▓▓▓▓▓▓▓▓▓▓▓▓▓▓▓▓▓▓▓▓▓
.................................
▓▓▓▓▓▓▓▓▓▓▓▓▓▓▓▓▓▓▓▓▓▓▓▓▓▓▓▓▓▓▓▓▓
...........'.........'...∩.....'.
▓▓▓▓▓▓▓▓▓▓▓▓▓▓▓▓▓▓▓▓▓▓▓▓▓▓▓▓▓▓▓▓▓
.................................
▓▓▓▓▓▓▓▓▓▓▓▓▓▓▓▓▓▓▓▓▓▓▓▓▓▓▓▓▓▓▓▓▓
..................'.....)∩..).[[)


You could see Cerebov (fast, resistant, unsilenced), Asmodeus (resistant,
clouds, unsilenced), Lom Lobon (agile, gusty, unsilenced), Ereshkigal (agile,
silencing, unsilenced) and 2 balrugs.

Vanquished Creatures
  Antaeus (D)
  the Royal Jelly (D)
  5 orbs of fire (D)
  4 ancient liches (D)
  Mennas (D)
  6 royal mummies (D)
  Sojobo (D)
  Boris (D)
  4 Killer Klowns (D)
  Frederick (D)
  Margery (D)
  Xtahua (D)
  A curse toe (D)
  Geryon (D)
  3 golden dragons (D)
  Jory (D)
  Nikola (D)
  An electric golem (D)
  3 tentacled monstrosities (D)
  26 Orb Guardians (D)
  A lich (D)
  A deep elf master archer (D)
  2 quicksilver dragons (D)
  11 acid blobs (D)
  2 titans (D)
  5 deep elf blademasters (D)
  2 death cobs (D)
  13 sphinxes (D)
  Frances (D)
  3 tengu reavers (D)
  6 shadow dragons (D)
  A draconian monk (D)
  5 storm dragons (D)
  10 nagarajas (D)
  3 draconian knights (D)
  4 frost giants (D)
  Ilsuiw (D)
  6 emperor scorpions (D)
  7 rockslimes (D)
  3 azure jellies (D)
  4 ghost moths (D)
  A vault warden (D)
  3 draconian scorchers (D)
  Louise (D)
  A fire giant (D)
  5 draconian shifters (D)
  A draconian annihilator (D)
  2 formless jellyfish (D)
  2 draconian stormcallers (D)
  2 quicksilver oozes (D)
  3 ironbound preservers (D)
  A very ugly thing (D)
  5 stone giants (D)
  3 green draconians (D)
  10 vampire knights (D)
  A bunyip (D)
  3 deep elf annihilators (D)
  An eleionoma (D)
  2 white draconians (D)
  6 yellow draconians (D)
  A black draconian (D)
  2 purple draconians (D)
  5 deep elf death magi (D)
  6 merfolk impalers (D)
  3 ettins (D)
  4 fire dragons (D)
  2 merfolk javelineers (D)
  5 mummy priests (D)
  An entropy weaver (D)
  2 yaktaur captains (D)
  4 ice dragons (D)
  25 vault guards (D)
  3 deep elf high priests (D)
  3 ghost crabs (D)
  3 spriggan air magi (D)
  8 hydras (D)
  A jorogumo (D)
  2 centaur warriors (D)
  An alligator (D)
  A merfolk avatar (D)
  3 merfolk aquamancers (D)
  A deep troll shaman (D)
  2 naga warriors (D)
  A death yak (D)
  3 ironbound frosthearts (D)
  2 two-headed ogres (D)
  2 tengu warriors (D)
  A demonic crawler (D)
  3 boulder beetles (D)
  A thrashing horror (D)
  4 deep troll earth magi (D)
  A spriggan berserker (D)
  Sonja (D)
  6 hell knights (D)
  A naga sharpshooter (D)
  A wretched star (D)
  A pharaoh ant (D)
  A flayed ghost (D)
  5 swamp dragons (D)
  A sea snake (D)
  A glowing orange brain (D)
  2 necromancers (D)
  A phantasmal warrior (D)
  4 ironbound convokers (D)
  An oklob plant (D)
  A lindwurm (D)
  5 orc sorcerers (D)
  A wolf spider (D)
  A mana viper (D)
  2 manticores (D)
  2 orc knights (D)
  3 ugly things (D)
  11 moths of wrath (D)
  A cyclops (D)
  4 naga magi (D)
  2 large abominations (D)
  Joseph (D)
  3 black mambas (D)
  4 vault sentinels (D)
  A smoke demon (D)
  A guardian serpent (D)
  2 efreet (D)
  4 cane toads (D)
  A kobold demonologist (D)
  2 rime drakes (D)
  A freezing wraith (D)
  17 guardian mummies (D)
  3 tengu conjurers (D)
  A wandering mushroom (D)
  A yaktaur (D)
  4 merfolk (D)
  A polar bear (D)
  A troll (D)
  2 tyrant leeches (D)
  A snapping turtle (D)
  4 blink frogs (D)
  11 spriggans (D)
  A ynoxinul (D)
  2 jumping spiders (D)
  A culicivora (D)
  2 slime creatures (D)
  2 wyverns (D)
  2 golden eyes (D)
  A water elemental (D)
  Grum (D)
  2 redbacks (D)
  A chaos spawn (D)
  2 vampire mosquitoes (D)
  A naga (D)
  2 water moccasins (D)
  A swamp drake (D)
  10 orc warriors (D)
  2 small abominations (D)
  A boggart (D)
  4 wolves (D)
  A centaur (D)
  4 bullfrogs (D)
  2 gnoll sergeants (D)
  A wight (D)
  A hound (D)
  3 orc priests (D)
  An iguana (D)
  15 orc wizards (D)
  An ufetubus (D)
  5 orcs (D)
  A goblin (D)
  A jackal (D)
  A quokka (D)
  A ball python (D)
  A rat (D)
516 creatures vanquished.

Vanquished Creatures (others)
  An eleionoma (D)
  A spriggan druid (D)
  A bloated husk (D)
  A slime creature (D)
  2 ball lightnings (D)
6 creatures vanquished.

Grand Total: 522 creatures vanquished

Notes
Turn   | Place    | Note
-------+----------+-------------------------------------------
     0 | D        | rocky1 the Troll Shapeshifter began the quest for the Orb.
     0 | D        | Reached XP level 1. HP: 18/18 MP: 0/0
    22 | D        | Noticed a hound
    22 | D        | Noticed an orc wizard
    22 | D        | Noticed an iguana
    22 | D        | Noticed an orc wizard
    25 | D        | Reached XP level 2. HP: 21/26 MP: 1/1
    30 | D        | Reached XP level 3. HP: 26/32 MP: 2/2
    36 | D        | Reached skill level 5 in Shapeshifting
    39 | D        | Reached XP level 4. HP: 28/40 MP: 3/3
    45 | D        | Found a snail-covered altar of Cheibriados.
    45 | D        | Found a shadowy altar of Dithmenos.
    45 | D        | Found a white marble altar of Elyvilon.
    45 | D        | Found a blossoming altar of Fedhas.
    45 | D        | Found an opulent altar of Gozag.
    46 | D        | Found a hazy altar of Hepliaklqana.
    47 | D        | Found a viscous altar of Jiyva.
    48 | D        | Found an ancient bone altar of Kikubaaqudgha.
    49 | D        | Found a corrupted altar of Lugonu.
    50 | D        | Found a burning altar of Makhleb.
    51 | D        | Found a sparkling altar of Nemelex Xobeh.
    52 | D        | Found an iron altar of Okawaru.
    53 | D        | Became a worshipper of Gozag Ym Sagoz the Greedy
    54 | D        | Found a stormy altar of Qazlal.
    55 | D        | Found a sacrificial altar of Ru.
    56 | D        | Found a shimmering blue altar of Sif Muna.
    57 | D        | Found a bloodstained altar of Trog.
    58 | D        | Found a hide-covered altar of Uskayaw.
    59 | D        | Found a radiant altar of Vehumet.
    60 | D        | Found an ornate altar of the Wu Jian Council.
    61 | D        | Found a shimmering altar of Xom.
    62 | D        | Found a basalt altar of Yredelemnul.
    63 | D        | Found a glowing silver altar of Zin.
    64 | D        | Found a glowing golden altar of the Shining One.
    72 | D        | Found the +7 lajatang of Order {silver, rMut}
    97 | D        | Noticed a two-headed ogre
    97 | D        | Noticed a kobold demonologist
    97 | D        | Noticed a troll
    97 | D        | Noticed a wyvern
    97 | D        | Noticed a gnoll sergeant
   102 | D        | Killed a gnoll sergeant
   103 | D        | Reached XP level 5. HP: 42/46 MP: 4/4
   106 | D        | Killed a wyvern
   107 | D        | Reached XP level 6. HP: 37/54 MP: 5/5
   110 | D        | Killed a troll
   111 | D        | Reached XP level 7. HP: 27/61 MP: 6/6
   116 | D        | Killed a kobold demonologist
   123 | D        | Killed a two-headed ogre
   124 | D        | Reached skill level 15 in Unarmed Combat
   124 | D        | Reached skill level 10 in Shapeshifting
   124 | D        | Reached XP level 8. HP: 5/68 MP: 7/7
   277 | D        | Noticed a tengu conjurer
   277 | D        | Noticed a two-headed ogre
   277 | D        | Noticed a boulder beetle
   283 | D        | Killed a boulder beetle
   284 | D        | Reached XP level 9. HP: 64/81 MP: 8/8
   289 | D        | Killed a two-headed ogre
   300 | D        | Killed a tengu conjurer
   301 | D        | Reached skill level 5 in Dodging
   304 | D        | Reached skill level 5 in Fighting
   581 | D        | Noticed a rime drake
   581 | D        | Noticed a death yak
   581 | D        | Noticed a cane toad
   581 | D        | Noticed a polar bear
   583 | D        | Noticed a cane toad
   591 | D        | Killed a death yak
   594 | D        | Killed a polar bear
   595 | D        | Reached XP level 10. HP: 47/98 MP: 9/9
   595 | D        | Killed a cane toad
   599 | D        | Noticed an oklob plant
   608 | D        | Killed a cane toad
   890 | D        | Killed an oklob plant
  1204 | D        | Noticed a cane toad
  1204 | D        | Noticed a four-headed hydra
  1208 | D        | Killed a cane toad
  1208 | D        | Noticed a black mamba
  1210 | D        | Killed a four-headed hydra
  1212 | D        | Noticed a cane toad
  1217 | D        | Killed a black mamba
  1225 | D        | Killed a cane toad
  1396 | D        | Reached XP level 11. HP: 111/111 MP: 10/10
  1525 | D        | Noticed Grum
  1536 | D        | Killed Grum
  1673 | D        | Bought a maw talisman for 600 gold pieces
  1673 | D        | Bought a blade talisman for 600 gold pieces
  1673 | D        | Bought a granite talisman for 1200 gold pieces
  1695 | D        | Noticed an orc knight
  1695 | D        | Noticed an orc knight
  1698 | D        | Killed an orc knight
  1700 | D        | Killed an orc knight
  1753 | D        | Found Gimuuj's Magic Scroll Boutique.
  1753 | D        | Noticed an orc sorcerer
  1753 | D        | Noticed an orc sorcerer
  1753 | D        | Noticed an orc sorcerer
  1756 | D        | Killed an orc sorcerer
  1759 | D        | Noticed a sixfirhy
  1761 | D        | Killed an orc sorcerer
  1768 | D        | Found Mafuq's Weapon Shop.
  1771 | D        | Killed an orc sorcerer
  1772 | D        | Noticed an orc sorcerer
  1773 | D        | Found Odugow's General Store.
  1775 | D        | Found Qettenips's Jewellery Shop.
  1776 | D        | Noticed an orc sorcerer
  1779 | D        | Killed an orc sorcerer
  1783 | D        | Killed an orc sorcerer
  1839 | D        | Bought a scroll of blinking for 90 gold pieces
  1839 | D        | Bought a scroll of enchant armour for 90 gold pieces
  1847 | D        | Bought a potion of heal wounds for 70 gold pieces
  1847 | D        | Bought a scroll of poison for 56 gold pieces
  1847 | D        | Bought 4 curare-tipped darts for 67 gold pieces
  1847 | D        | Bought 3 scrolls of fear for 168 gold pieces
  1847 | D        | Bought a scroll of summoning for 133 gold pieces
  1849 | D        | Bought the ring "Zabyatatt" {rF+ rC++} for 544 gold pieces
  1849 | D        | Bought an amulet of regeneration for 330 gold pieces
  1849 | D        | Bought a ring of poison resistance for 220 gold pieces
  1990 | D        | Noticed Sonja
  1994 | D        | Killed Sonja
  2036 | D        | Noticed Joseph
  2043 | D        | Killed Joseph
  2078 | D        | Found the +8 arc blade {discharge, rElec}
  2135 | D        | Noticed a seven-headed hydra
  2135 | D        | Noticed a white ugly thing
  2135 | D        | Noticed a boulder beetle
  2138 | D        | Killed a boulder beetle
  2141 | D        | Killed a white ugly thing
  2142 | D        | Reached skill level 10 in Dodging
  2144 | D        | Killed a nine-headed hydra
  2145 | D        | Reached skill level 10 in Fighting
  2145 | D        | Reached XP level 12. HP: 118/126 MP: 11/11
  2156 | D        | Noticed a vampire knight
  2157 | D        | Noticed a stone giant
  2164 | D        | Reached skill level 15 in Shapeshifting
  2167 | D        | Noticed a deep troll earth mage
  2172 | D        | Noticed a spriggan air mage
  2174 | D        | Killed a stone giant
  2176 | D        | Killed a deep troll earth mage
  2178 | D        | Killed a spriggan air mage
  2187 | D        | Killed a vampire knight
  2595 | D        | Noticed a ghost crab
  2595 | D        | Noticed an eleionoma
  2595 | D        | Noticed an alligator
  2595 | D        | Noticed an eleionoma
  2598 | D        | Killed an eleionoma
  2600 | D        | Killed an alligator
  2601 | D        | Noticed a ghost crab
  2602 | D        | Noticed a bunyip
  2603 | D        | Killed an eleionoma
  2603 | D        | Noticed a seven-headed hydra
  2607 | D        | Killed a ghost crab
  2609 | D        | Killed a bunyip
  2613 | D        | Killed a nine-headed hydra
  2618 | D        | Killed a ghost crab
  2695 | D        | Reached XP level 13. HP: 141/141 MP: 12/12
  2811 | D        | Bought a talisman of death for 1932 gold pieces
  2817 | D        | Noticed a ghost moth
  2834 | D        | Killed a ghost moth
  2898 | D        | Noticed a nagaraja
  2902 | D        | Killed a nagaraja
  3040 | D        | Noticed Frances
  3045 | D        | Killed Frances
  3067 | D        | Noticed a tentacled monstrosity
  3067 | D        | Noticed a fire dragon
  3067 | D        | Noticed a fire giant
  3067 | D        | Noticed an ettin
  3067 | D        | Noticed an ettin
  3067 | D        | Noticed a stone giant
  3068 | D        | Noticed a stone giant
  3069 | D        | Killed a stone giant
  3073 | D        | Killed a fire giant
  3074 | D        | Killed an ettin
  3075 | D        | Noticed a tengu reaver
  3080 | D        | Killed a tentacled monstrosity
  3081 | D        | Reached skill level 15 in Fighting
  3083 | D        | Killed an ettin
  3086 | D        | Killed a stone giant
  3088 | D        | Killed a fire dragon
  3090 | D        | Killed a tengu reaver
  3104 | D        | Noticed a frost giant
  3114 | D        | Reached XP level 14. HP: 135/162 MP: 13/13
  3122 | D        | Killed a frost giant
  3172 | D        | Bought a potion of lignification for 45 gold pieces
  3172 | D        | Bought a potion of curing for 45 gold pieces
  3172 | D        | Bought a potion of mutation for 120 gold pieces
  3172 | D        | Bought a potion of curing for 45 gold pieces
  3172 | D        | Bought a potion of haste for 150 gold pieces
  3172 | D        | Bought a potion of brilliance for 60 gold pieces
  3172 | D        | Bought 2 potions of invisibility for 240 gold pieces
  3172 | D        | Bought a potion of invisibility for 120 gold pieces
  3172 | D        | Gained mutation: You have hidden genetic defects. [potion
                  | of mutation]
  3173 | D        | Lost mutation: You have hidden genetic defects. [potion of
                  | mutation]
  3173 | D        | Gained mutation: Your magical capacity is low. (-10% MP)
                  | [potion of mutation]
  3173 | D        | Gained mutation: You occasionally shout uncontrollably at
                  | your foes. [potion of mutation]
  3174 | D        | Lost mutation: You occasionally shout uncontrollably at
                  | your foes. [potion of mutation]
  3174 | D        | Lost mutation: Your magical capacity is low. (-10% MP)
                  | [potion of mutation]
  3174 | D        | Gained mutation: You have hidden genetic potential. [potion
                  | of mutation]
  3174 | D        | Gained mutation: You are strong-willed. (Will+) [potion of
                  | mutation]
  3174 | D        | Gained mutation: You have sharp toenails. [potion of
                  | mutation]
  3178 | D        | Noticed a formless jellyfish
  3178 | D        | Noticed a formless jellyfish
  3179 | D        | Noticed an ironbound preserver
  3181 | D        | Killed a formless jellyfish
  3189 | D        | Killed a formless jellyfish
  3192 | D        | Killed an ironbound preserver
  3194 | D        | Noticed an ironbound preserver
  3204 | D        | Noticed an ironbound preserver
  3212 | D        | Killed an ironbound preserver
  3216 | D        | Killed an ironbound preserver
  3298 | D        | Bought a scroll of silence for 104 gold pieces
  3298 | D        | Bought a scroll of summoning for 104 gold pieces
  3298 | D        | Bought a scroll of immolation for 44 gold pieces
  3298 | D        | Bought a scroll of revelation for 82 gold pieces
  3357 | D        | Noticed Xtahua
  3362 | D        | Killed Xtahua
  3363 | D        | Reached skill level 15 in Dodging
  3422 | D        | Found the +4 robe of Folly {Brill Will-∞ Int+8}
  3520 | D        | Bought a scroll of fog for 68 gold pieces
  3520 | D        | Bought a scroll of summoning for 161 gold pieces
  3520 | D        | Bought a scroll of enchant armour for 127 gold pieces
  3520 | D        | Bought a scroll of revelation for 127 gold pieces
  3520 | D        | Bought a scroll of immolation for 68 gold pieces
  3520 | D        | Bought a scroll of poison for 68 gold pieces
  3520 | D        | Bought a scroll of fog for 68 gold pieces
  3541 | D        | Noticed Louise
  3550 | D        | Killed Louise
  3568 | D        | Noticed Nikola
  3573 | D        | Killed Nikola
  3588 | D        | Noticed Frederick
  3599 | D        | Killed Frederick
  3656 | D        | Noticed Ilsuiw
  3669 | D        | Killed Ilsuiw
  3694 | D        | Reached XP level 15. HP: 158/178 MP: 14/14
  3716 | D        | Got a barnacled rune of Zot
  3846 | D        | Noticed an emperor scorpion
  3851 | D        | Killed an emperor scorpion
  3853 | D        | Reached skill level 27 in Unarmed Combat
  3853 | D        | Gained mutation: You have a pair of small antennae on your
                  | head. [hidden potential]
  3858 | D        | Noticed an emperor scorpion
  3859 | D        | Noticed an emperor scorpion
  3866 | D        | Noticed an emperor scorpion
  3868 | D        | Killed an emperor scorpion
  3868 | D        | Noticed an emperor scorpion
  3872 | D        | Killed an emperor scorpion
  3875 | D        | Killed an emperor scorpion
  3877 | D        | Killed an emperor scorpion
  3879 | D        | Noticed an emperor scorpion
  3887 | D        | Killed an emperor scorpion
  3896 | D        | Got a gossamer rune of Zot
  3944 | D        | Noticed a nagaraja
  3944 | D        | Noticed a nagaraja
  3944 | D        | Noticed a nagaraja
  3944 | D        | Noticed a nagaraja
  3944 | D        | Noticed a nagaraja
  3944 | D        | Noticed a nagaraja
  3945 | D        | Noticed a nagaraja
  3948 | D        | Killed a nagaraja
  3949 | D        | Noticed a nagaraja
  3951 | D        | Killed a nagaraja
  3954 | D        | Killed a nagaraja
  3958 | D        | Killed a nagaraja
  3960 | D        | Killed a nagaraja
  3961 | D        | Noticed a nagaraja
  3965 | D        | Killed a nagaraja
  3968 | D        | Killed a nagaraja
  3972 | D        | Killed a nagaraja
  3975 | D        | Killed a nagaraja
  3995 | D        | Got a serpentine rune of Zot
  4085 | D        | Got a decaying rune of Zot
  4153 | D        | Noticed Margery
  4157 | D        | Noticed Jory
  4162 | D        | Killed Margery
  4170 | D        | Killed Jory
  4304 | D        | Reached XP level 16. HP: 213/213 MP: 15/15
  4333 | D        | Gained mutation: You are partially covered in large bone
                  | plates. (SH +4) [hidden potential]
  4333 | D        | Lost mutation: You have hidden genetic potential. [hidden
                  | potential expressed]
  4348 | D        | Reached skill level 27 in Fighting
  4430 | D        | Noticed a quicksilver dragon
  4440 | D        | Killed a quicksilver dragon
  4445 | D        | Noticed a shadow dragon
  4451 | D        | Noticed a sphinx
  4458 | D        | Killed a shadow dragon
  4461 | D        | Identified the ring "Jiuheqooc" {+Blink rElec rF- rN+
                  | Will-}
  4463 | D        | Killed a sphinx
  4464 | D        | Noticed a shadow dragon
  4470 | D        | Killed a shadow dragon
  4535 | D        | Noticed a shadow dragon
  4535 | D        | Noticed a titan
  4535 | D        | Noticed a shadow dragon
  4537 | D        | Noticed a titan
  4537 | D        | Noticed a shadow dragon
  4543 | D        | Killed a shadow dragon
  4547 | D        | Noticed a shadow dragon
  4549 | D        | Killed a titan
  4553 | D        | Killed a shadow dragon
  4555 | D        | Killed a titan
  4557 | D        | Killed a shadow dragon
  4562 | D        | Killed a shadow dragon
  4564 | D        | Got a silver rune of Zot
  4565 | D        | Identified the ring of Immorality {+Blink Fly rF+}
  4707 | D        | Noticed Boris
  4712 | D        | Killed Boris
  4719 | D        | Noticed Mennas
  4732 | D        | Killed Mennas
  4827 | D        | Got the ring of the Forgotten Places {Contam Fly rElec MP+9
                  | Dex+3}
  4829 | D        | Got the ring "Rexien" {rPois rC++}
  4831 | D        | Got the ring "Repnagh" {rF- rC+ Int+6 Stlth-}
  4833 | D        | Got the ring "Suidd" {rPois rF+ Str+2}
  4835 | D        | Got the ring "Lewievy" {Wiz rPois}
  4840 | D        | Bought a +4 ring of slaying for 1170 gold pieces
  4840 | D        | Bought the ring of Zuetul {rPois Int+6 Stlth+} for 750 gold
                  | pieces
  4874 | D        | Got the +0 cloak "Kyumibu" {Str+3 Int+3}
  5028 | D        | Noticed Sojobo
  5029 | D        | Noticed a tengu reaver
  5030 | D        | Noticed a tengu reaver
  5058 | D        | Killed Sojobo
  5059 | D        | Reached skill level 27 in Shapeshifting
  5059 | D        | Reached skill level 1 in Armour
  5059 | D        | Reached skill level 1 in Stealth
  5063 | D        | Killed a tengu reaver
  5070 | D        | Killed a tengu reaver
  5174 | D        | Reached skill level 1 in Spellcasting
  5177 | D        | Reached XP level 17. HP: 226/226 MP: 15/18
  5189 | D        | Reached skill level 5 in Armour
  5200 | D        | Noticed a golden dragon
  5219 | D        | Killed a golden dragon
  5220 | D        | Reached skill level 5 in Stealth
  5240 | D        | Reached skill level 5 in Spellcasting
  5399 | D        | Noticed a golden dragon
  5399 | D        | Noticed a tentacled monstrosity
  5404 | D        | Killed a tentacled monstrosity
  5420 | D        | Killed a golden dragon
  5525 | D        | Bought a scroll of amnesia for 56 gold pieces
  5525 | D        | Bought a scroll of fear for 56 gold pieces
  5525 | D        | Bought a scroll of revelation for 105 gold pieces
  5525 | D        | Bought a scroll of poison for 56 gold pieces
  5525 | D        | Bought a scroll of fog for 56 gold pieces
  5525 | D        | Noticed a curse toe
  5525 | D        | Noticed a Killer Klown
  5525 | D        | Noticed an orb of fire
  5525 | D        | Noticed an orb of fire
  5525 | D        | Noticed an orb of fire
  5525 | D        | Noticed a Killer Klown
  5525 | D        | Noticed an ancient lich
  5525 | D        | Noticed an orb of fire
  5525 | D        | Noticed an ancient lich
  5525 | D        | Noticed a Killer Klown
  5528 | D        | Reached skill level 10 in Armour
  5592 | D        | Noticed a Killer Klown
  5597 | D        | Noticed a tentacled monstrosity
  5598 | D        | Killed a tentacled monstrosity
  5609 | D        | Killed a Killer Klown
  5742 | D        | Noticed an Orb Guardian
  5742 | D        | Noticed an Orb Guardian
  5742 | D        | Noticed an Orb Guardian
  5742 | D        | Noticed an Orb Guardian
  5742 | D        | Noticed an Orb Guardian
  5742 | D        | Noticed an Orb Guardian
  5743 | D        | Noticed an Orb Guardian
  5744 | D        | Killed an Orb Guardian
  5745 | D        | Noticed an Orb Guardian
  5746 | D        | Killed an Orb Guardian
  5747 | D        | Noticed an Orb Guardian
  5749 | D        | Killed an Orb Guardian
  5750 | D        | Killed an Orb Guardian
  5752 | D        | Killed an Orb Guardian
  5753 | D        | Noticed an Orb Guardian
  5755 | D        | Killed an Orb Guardian
  5756 | D        | Reached skill level 10 in Stealth
  5759 | D        | Killed an Orb Guardian
  5760 | D        | Killed an Orb Guardian
  5762 | D        | Killed an Orb Guardian
  5763 | D        | Reached XP level 18. HP: 236/236 MP: 30/30
  5763 | D        | Killed an Orb Guardian
  5764 | D        | Reached skill level 10 in Spellcasting
  5781 | D        | Bought 2 potions of curing for 126 gold pieces
  5781 | D        | Bought a potion of curing for 63 gold pieces
  5781 | D        | Bought a potion of enlightenment for 105 gold pieces
  5781 | D        | Bought 2 potions of mutation for 336 gold pieces
  5781 | D        | Bought a potion of lignification for 63 gold pieces
  5781 | D        | Bought a potion of haste for 210 gold pieces
  5781 | D        | Bought a potion of heal wounds for 105 gold pieces
  5788 | D        | Bought a dragon-blood talisman for 1200 gold pieces
  5819 | D        | Noticed a golden dragon
  5819 | D        | Noticed an Orb Guardian
  5819 | D        | Noticed an Orb Guardian
  5821 | D        | Noticed an Orb Guardian
  5826 | D        | Killed an Orb Guardian
  5828 | D        | Killed an Orb Guardian
  5829 | D        | Noticed an Orb Guardian
  5836 | D        | Killed a golden dragon
  5841 | D        | Killed an Orb Guardian
  5844 | D        | Killed an Orb Guardian
  5862 | D        | Noticed an ancient lich
  5865 | D        | Killed an ancient lich
  5868 | D        | Noticed an orb of fire
  5871 | D        | Gained mutation: Your magical capacity is low. (-10% MP)
                  | [an orb of fire]
  5873 | D        | Killed an orb of fire
  5877 | D        | Noticed an electric golem
  5879 | D        | Killed an electric golem
  5880 | D        | Reached skill level 15 in Armour
  5894 | D        | Killed a Killer Klown
  5902 | D        | Killed an ancient lich
  5905 | D        | Killed an orb of fire
  5908 | D        | Killed an ancient lich
  5914 | D        | Killed an orb of fire
  5920 | D        | Killed an orb of fire
  5924 | D        | Killed an orb of fire
  5928 | D        | Killed a Killer Klown
  5936 | D        | Killed a Killer Klown
  5944 | D        | Killed a curse toe
  5983 | D        | Noticed an Orb Guardian
  5983 | D        | Noticed an Orb Guardian
  5983 | D        | Noticed an Orb Guardian
  5983 | D        | Noticed an Orb Guardian
  5983 | D        | Noticed an Orb Guardian
  5983 | D        | Noticed an Orb Guardian
  5986 | D        | Killed an Orb Guardian
  5990 | D        | Killed an Orb Guardian
  5990 | D        | Noticed an Orb Guardian
  5991 | D        | Killed an Orb Guardian
  5992 | D        | Killed an Orb Guardian
  5995 | D        | Killed an Orb Guardian
  5995 | D        | Noticed an Orb Guardian
  5997 | D        | Noticed an Orb Guardian
  5999 | D        | Killed an Orb Guardian
  6003 | D        | Killed an Orb Guardian
  6004 | D        | Noticed an Orb Guardian
  6006 | D        | Killed an Orb Guardian
  6006 | D        | Noticed an Orb Guardian
  6009 | D        | Killed an Orb Guardian
  6010 | D        | Reached XP level 19. HP: 245/245 MP: 32/32
  6062 | D        | Bought a scroll of fog for 80 gold pieces
  6062 | D        | Bought a scroll of blinking for 150 gold pieces
  6062 | D        | Bought a scroll of amnesia for 80 gold pieces
  6143 | D        | Noticed an ancient lich
  6155 | D        | Killed an ancient lich
  6156 | D        | Reached skill level 15 in Stealth
  6161 | D        | Upgraded the game from 0.31-a0-750-gfe7b580527 to
                  | 0.31-a0-795-g5eb97db20b
  6170 | D        | Reached skill level 15 in Spellcasting
  6219 | D        | Bought a potion of heal wounds for 55 gold pieces
  6219 | D        | Bought a potion of berserk rage for 55 gold pieces
  6219 | D        | Bought a potion of haste for 110 gold pieces
  6219 | D        | Bought a potion of magic for 88 gold pieces
  6219 | D        | Bought a potion of curing for 33 gold pieces
  6219 | D        | Bought a potion of brilliance for 44 gold pieces
  6219 | D        | Bought a potion of curing for 33 gold pieces
  6339 | D        | Got an elven rune of Zot
  6462 | D        | Bought a potion of haste for 110 gold pieces
  6462 | D        | Bought a potion of mutation for 88 gold pieces
  6462 | D        | Bought a potion of curing for 33 gold pieces
  6462 | D        | Bought 2 potions of haste for 220 gold pieces
  6462 | D        | Bought a potion of attraction for 33 gold pieces
  6462 | D        | Bought 2 potions of curing for 66 gold pieces
  6475 | D        | Noticed the Royal Jelly
  6533 | D        | Killed the Royal Jelly
  6561 | D        | Got a slimy rune of Zot
  6926 | D        | Noticed a royal mummy
  6927 | D        | Noticed a royal mummy
  6936 | D        | Reached XP level 20. HP: 129/256 MP: 36/36
  6941 | D        | Killed a royal mummy
  6945 | D        | Killed a royal mummy
  7036 | D        | Bought a book of Callings for 400 gold pieces
  7036 | D        | Bought a book of Beasts for 760 gold pieces
  7036 | D        | Bought the Codex of Conflagration and Enchantment for 880
                  | gold pieces
  7036 | D        | Bought a manual of Armour for 1600 gold pieces
  7036 | D        | Bought a book of Blasting for 560 gold pieces
  7036 | D        | Bought Ozocubu's Autobiography for 480 gold pieces
  7036 | D        | Bought a book of Scorching for 600 gold pieces
  7036 | D        | Bought the Compilation of Adjuration for 400 gold pieces
  7036 | D        | Bought a book of Iron for 640 gold pieces
  7039 | D        | Noticed a royal mummy
  7039 | D        | Noticed a royal mummy
  7039 | D        | Noticed a royal mummy
  7041 | D        | Killed a royal mummy
  7042 | D        | Noticed a royal mummy
  7050 | D        | Killed a royal mummy
  7057 | D        | Killed a royal mummy
  7067 | D        | Killed a royal mummy
  7068 | D        | Reached skill level 27 in Dodging
  7071 | D        | Got a golden rune of Zot
  7179 | D        | Got an abyssal rune of Zot
  7313 | D        | Noticed Dispater
  7313 | D        | Noticed Gloorx Vloq
  7313 | D        | Noticed Mnoleg
  7313 | D        | Noticed Ereshkigal
  7314 | D        | Found the +13 sceptre of Asmodeus
  7314 | D        | Noticed Asmodeus
  7421 | D        | Noticed Antaeus
  7421 | D        | Found the +6 sword of Cerebov {flame}
  7421 | D        | Noticed Cerebov
  7421 | D        | Noticed Geryon
  7425 | D        | Killed Geryon
  7435 | D        | Noticed Lom Lobon
  7447 | D        | Killed Antaeus
  7455 | D        | HP: 9/332 [Cerebov/iron shot (45)]
  7456 | D        | Annihilated by Cerebov

Illustrated notes

Levels and vault maps discovered:
D:        linesprint [early_d, line_temple, items_1, d_10, items_2, lair_1,
          lair_end, items_3, orc_1, orc_end, items_4, d_15, swamp_1, shoals_1,
          snake_1, spider_1, d_20, vaults_1, items_5, swamp_end, shoals_end,
          snake_end, spider_end, vaults_end, d_27, items_6, zot_1, zot_end,
          crypt_end, forest_end, elf_end, slime_end, tomb_end, abyss_end,
          pan_hell_end]

Skill      XL: |  1  2  3  4  5  6  7  8  9 10 11 12 13 14 15 16 17 18 19 20 |
---------------+-------------------------------------------------------------+-----
Unarmed Combat | 4 6 7 9 11 12 15 16 17 19 21 22 23 26 27 | 27.0
Shapeshifting  | 4 5 6 7 8 10 11 12 14 16 18 19 27 | 27.0
Fighting       | 3 5 7 10 12 16 18 25 27 | 27.0
Dodging        | 3 6 8 10 11 13 15 19 23 26 27 | 27.0
Armour         | 4 13 18 22 25 | 25.1
Stealth        | 3 10 14 17 19 | 19.2
Spellcasting   | 1 9 14 17 19 | 19.1

Action                     |  1- 3 |  4- 6 |  7- 9 | 10-12 | 13-15 | 16-18 | 19-21 || total
---------------------------+-------+-------+-------+-------+-------+-------+-------++-------
  Melee: Unarmed           |    27 |    12 |    45 |   197 |   311 |   353 |   257 ||  1202
         Punch             |     1 |       |     5 |    23 |    43 |    47 |    34 ||   153
         Kick              |       |       |       |       |    70 |   113 |    69 ||   252
  Throw: Javelin           |       |       |     3 |     2 |       |       |       ||     5
 Invoke: Call Merchant     |       |       |       |     1 |     4 |     5 |     4 ||    14
         Potion Petition   |       |       |       |     1 |     2 |     3 |     1 ||     7
Ability: Begin Untransform |       |       |       |       |       |     1 |       ||     1
  Evoke: Wand              |       |       |       |     4 |       |     1 |       ||     5
    Use: Potion            |       |     1 |     4 |     1 |     3 |     6 |     3 ||    18
         Scroll            |       |       |       |       |       |     9 |     2 ||    11
   Stab: Distracted        |       |       |       |     3 |     2 |     4 |     7 ||    16
         Sleeping          |       |       |       |       |       |     6 |    16 ||    22
         Invisible         |       |       |       |       |       |     1 |       ||     1
 Armour: Animal skin       |    13 |    10 |    32 |    36 |       |       |       ||    91
         Skin              |       |       |       |   159 |   311 |   288 |   179 ||   937
  Dodge: Dodged            |    12 |     7 |    18 |    97 |   175 |   136 |   106 ||   551
  Block: Other             |       |       |       |       |       |    26 |    30 ||    56
   Form: Statue            |       |       |       |     2 |       |     2 |       ||     4
                           |       |       |       |     1 |       |       |       ||     1
         Death             |       |       |       |       |       |     1 |       ||     1

Table legend: (Time is in decaauts)
 A = Elapsed time spent in this place.
 B = Non-inter-level travel time spent in this place.
 C = Inter-level travel time spent in this place.
 D = Time resting spent in this place.
 E = Time spent auto-exploring this place.
 F = Levels seen in this place.
 G = Mean time per level.
                   A        B        C        D        E       F      G
               +--------+--------+--------+--------+--------+-----+--------+
         Total |   9366 |   9366 |      0 |   3033 |      0 |   1 | 9366.0 |
       Dungeon |   9366 |   9366 |      0 |   3033 |      0 |   1 | 9366.0 |
               +--------+--------+--------+--------+--------+-----+--------+

Top non-repeatable levels by time:
       D: 9366 daAuts
